 Dungeon Crawl Stone Soup version 0.28.0-45-g0d030f2227 (webtiles) character file.

Game seed: 14527550484286412177

36 Descartes the Ducker (level 3, -3/16 HPs)
             Began as a Felid Warper on Apr 18, 2022.
             Killed by divine providence
             ... invoked by an orc priest
              (11 damage)
             ... on level 2 of the Dungeon.
             The game lasted 00:03:06 (2754 turns).

Descartes the Ducker (Felid Warper)                 Turns: 2754, Time: 00:03:06

Health: -3/16      AC:  1    Str:  9    XL:     3   Next: 19%
Magic:  7/7        EV: 20    Int: 14    God:
Gold:   42         SH:  0    Dex: 21    Spells: 6/6 levels left
                                        Lives:  0   Deaths: 1

rFire   . . .      SeeInvis +     - Unarmed
rCold   . . .      Faith    .   (shield unavailable)
rNeg    . . .      Spirit   .   (armour unavailable)
rPois   .          Reflect  .   (helmet unavailable)
rElec   .          Harm     .   (cloak unavailable)
rCorr   .          Rampage  .   (gloves unavailable)
Will    .....                   (boots unavailable)
Stlth   ++........              e - amulet of the acrobat
HPRegen 0.05/turn               g - +6 ring of dexterity
MPRegen 0.10/turn               (no ring)

@: quick
A: very small, claws 1, fangs 3, see invisible, speed 1, shaggy fur 1, stealthy
paws, no weapons or thrown items, no armour, multi-lived
a: no special abilities


You were on level 2 of the Dungeon.
You visited 1 branch of the dungeon, and saw 2 of its levels.

You collected 42 gold pieces.

Inventory:

Missiles
 d - 2 stones
Jewellery
 e - an amulet of the acrobat (around neck)
 g - a +6 ring of dexterity (left paw)
Scrolls
 a - a scroll of blinking
 b - a scroll of teleportation {unknown}
 c - a scroll of immolation {unknown}
 i - a scroll of identify {unknown}
Potions
 f - a potion of invisibility
 h - a potion of mutation {unknown}


   Skills:
 - Level 2.0 Fighting
 + Level 4.9 Dodging
 + Level 3.4 Unarmed Combat
 - Level 2.0 Spellcasting
 - Level 4.4 Translocations


You had 6 spell levels left.
You didn't know any spells.
Your spell library contained the following spells:

 Spells                   Type           Power      Damage    Failure   Level
 Blink                    Tloc           26%        N/A       6%          2
 Gell's Gravitas          Tloc           13%        N/A       12%         3
 Lesser Beckoning         Tloc           13%        N/A       12%         3
 Teleport Other           Tloc           13%        N/A       12%         3
 Manifold Assault         Tloc           13%        N/A       73%         5
 Petrify                  Tmut/Erth      1%         N/A       93%         4
 Metabolic Englaciation   Hex/Ice        0%         N/A       100%        5
 Statue Form              Tmut/Erth      0%         N/A       100%        6


Dungeon Overview and Level Annotations

Branches:
Dungeon (2/15)

Altars:
Yredelemnul


Innate Abilities, Weirdness & Mutations

You have sharp claws.
You have razor-sharp teeth.
You have supernaturally acute eyesight. (SInv)
You cover ground quickly. (Speed+)
You are covered in fur. (AC +1)
Your paws help you pounce on unaware monsters.
You are incapable of wielding weapons or throwing items.
You cannot wear armour.
You gain extra lives every three experience levels.


Message History

You are too injured to fight recklessly!
You are too injured to fight recklessly!
You are too injured to fight recklessly!
There is a stone staircase leading up here.
You climb upwards.
There is a stone staircase leading down here.
HP restored.
Partly explored, can't reach some places.
There is a stone staircase leading down here.
You climb downwards.
There is a stone staircase leading up here.
You scratch the orc priest.
The orc priest is lightly wounded.
The orc priest hits you with a +0 club.
You scratch the orc priest.
You bite the orc priest, but do no damage.
The orc priest is moderately wounded.
The orc priest barely misses you.
You scratch the orc priest.
The orc priest is moderately wounded.
The orc priest closely misses you.
You closely miss the orc priest.
The orc priest is moderately wounded.
The orc priest misses you.
You scratch the orc priest.
The orc priest is heavily wounded.
The orc priest barely misses you.
You barely miss the orc priest.
The orc priest is heavily wounded.
The orc priest completely misses you.
You scratch the orc priest but do no damage.
You bite the orc priest.
The orc priest is severely wounded.
The orc priest hits you with a +0 club.
You barely miss the orc priest.
The orc priest is severely wounded.
The orc priest invokes the aid of Beogh against you.
Beogh smites you!
Ouch! That really hurt!
You die...

################.#
#....#.#...#
#.#####..#.....#..
#............#....
####.......#...#.#
###.####.........
#.<.........#.##.
#.#..#.####.#.##.
#######<...)......#....
#....o@..#.##.#.#######
####.######..#).#..#
#....# #.#.##[#.#
#o#### #.#.##.#.#
#.##### #..#.)#..#
#.....# #.#.##.#.#
#####o#####........#
#..o.#####..#.##
####.#..)##...#


You could see an orc priest.

Vanquished Creatures
  2 adders
  A dart slug (D:1)
  2 orcs (D:2)
  2 ball pythons (D:1)
  6 bats
  2 endoplasms (D:1)
  2 giant cockroaches (D:1)
  11 hobgoblins
  2 jackals (D:1)
  3 kobolds
  5 quokkas
  3 frilled lizards
  3 goblins
  6 rats
50 creatures vanquished.

Notes
Turn   | Place    | Note
-------+----------+-------------------------------------------
     0 | D:1      | Descartes the Felid Warper began the quest for the Orb.
     0 | D:1      | Reached XP level 1. HP: 9/9 MP: 4/4
   161 | D:1      | Reached XP level 2. HP: 10/13 MP: 6/6
   691 | D:1      | Reached XP level 3. HP: 15/16 MP: 7/7
  1830 | D:2      | Found a faded altar of an unknown god.
  1954 | D:2      | Reached XP level 4. HP: 13/19 MP: 8/8
  2133 | D:2      | Slain by an orc priest
  2134 | D:2      | Reached XP level 3. HP: -1/16 MP: 7/7
  2301 | D:2      | Found a basalt altar of Yredelemnul.
  2754 | D:2      | Killed from afar by an orc priest

Illustrated notes

Levels and vault maps discovered:
D:1:      dpeg_arrival_lava_altar, layout_loops_cross
D:2:      cheibrodos_pilgrimage, layout_basic, basic_altar,
          hellmonk_ecumenical_altar_crossroads, small_statue_intersection,
          minmay_small_reverse_x

Skill      XL: |  1  2  3 |
---------------+----------+-----
Dodging        | 4 |  4.9
Unarmed Combat | 3 |  3.4
Fighting       | |  2.0
Spellcasting   | |  2.0
Translocations | |  4.4

Action                   |  1- 3 |  4- 6 || total
-------------------------+-------+-------++-------
Melee: Unarmed           |   159 |    13 ||   172
       Bite              |    16 |     1 ||    17
       Punch             |     4 |       ||     4
  Use: Potion            |       |     1 ||     1
 Stab: Sleeping          |     7 |       ||     7
Armor: Skin              |    10 |       ||    10
Dodge: Dodged            |   134 |     7 ||   141
